 Dungeon Crawl Stone Soup version 0.22.0-38-g04b72b8 (webtiles) character file.

2156 Lavandula the Cleaver (level 9, 0/69 HPs)
             Began as a Centaur Berserker on Aug 28, 2018.
             Was an Elder of Trog.
             Slain by a wyvern skeleton (6 damage)
             ... on level 7 of the Dungeon.
             The game lasted 00:20:07 (3176 turns).

Lavandula the Cleaver (Centaur Berserker)           Turns: 3176, Time: 00:20:08

Health: 0/69       AC: 10    Str: 23    XL:     9   Next: 10%
Magic:  11/11      EV: 10    Int:  6    God:    Trog [****..]
Gold:   152        SH:  0    Dex:  9    Spells: 8/8 levels left

rFire    . . .     SeeInvis .   A - +0 broad axe
rCold    . . .     Gourm    .   (no shield)
rNeg     . . .     Faith    .   z - +3 leather armour
rPois    +         Spirit   .   (no helmet)
rElec    .         Reflect  .   (no cloak)
rCorr    .         Harm     .   r - +1 pair of gloves
MR       .....                  (no barding)
Stlth    ..........             (no amulet)
HPRegen  0.21/turn              s - ring of poison resistance
MPRegen  0.12/turn              e - +1 ring of protection

@: very quick
A: large, hooves 3, deformed body, speed 2, tough skin 3
a: Berserk, Trog's Hand, Brothers in Arms, Renounce Religion


You were on level 7 of the Dungeon.
You worshipped Trog.
Trog was greatly pleased with you.
You were not hungry.

You visited 1 branch of the dungeon, and saw 8 of its levels.

You collected 301 gold pieces.
You spent 149 gold pieces at shops.

Inventory:

Hand Weapons
 a - a +0 hand axe
 A - a +0 broad axe (weapon)
Missiles
 d - 21 tomahawks (quivered)
Armour
 b - a +0 animal skin
 j - a +0 ring mail
 r - a +1 pair of gloves (worn)
 z - a +3 leather armour (worn)
Jewellery
 e - a +1 ring of protection (right hand)
 l - an uncursed ring of flight
 s - a ring of poison resistance (left hand)
 y - an uncursed ring of stealth
Wands
 w - a wand of paralysis (14)
 C - a wand of acid (8)
Scrolls
 f - a scroll of random uselessness {unknown}
 k - 3 scrolls of enchant weapon
 m - 8 scrolls of remove curse
 n - a scroll of amnesia {unknown}
 p - a scroll of fog {unknown}
 q - a scroll of teleportation
 t - a scroll of silence {unknown}
 v - a scroll of fear {unknown}
 B - a scroll of holy word
Potions
 g - a potion of cancellation
 h - 4 potions of curing
 i - a potion of haste {unknown}
 o - a potion of mutation {unknown}
 u - a potion of brilliance {unknown}
 x - a potion of lignification
 D - a potion of agility {unknown}
 E - 2 potions of invisibility {unknown}
Comestibles
 c - 4 rations


   Skills:
 - Level 3.0 Fighting
 + Level 10.5 Axes
 - Level 1.3 Armour
 - Level 2.4 Dodging
 - Level 3.0 Evocations


You had 8 spell levels left.
You didn't know any spells.
Your spell library contained the following spells:

 Spells                   Type           Power        Failure   Level  Hunger
 Beastly Appendage        Tmut           #.....       50%         1    ##.....
 Magic Dart               Conj           #...         50%         1    ##.....
 Blink                    Tloc           N/A          65%         2    ###....
 Call Imp                 Summ           #.......     65%         2    ###....
 Slow                     Hex            #.......     65%         2    ###....
 Sticks to Snakes         Tmut           #.......     65%         2    ###....
 Conjure Flame            Conj/Fire      #.......     86%         3    ####...
 Mephitic Cloud           Conj/Pois/Air  #.......     86%         3    ####...
 Spider Form              Tmut/Pois      #.........   86%         3    ####...
 Ice Form                 Ice/Tmut       #.......     99%         4    #####..
 Blade Hands              Tmut           #.........   100%        5    ######.


Dungeon Overview and Level Annotations

Branches:
Dungeon (8/15)             Temple (0/1) D:6
   Lair: D:8-11

Altars:
Dithmenos
Fedhas
Nemelex Xobeh
Ru
The Shining One

Shops:
D:6 ?


Innate Abilities, Weirdness & Mutations

You have hooves in place of feet.
Armour fits poorly on your strangely shaped body.
You cover ground very quickly.
You have extremely tough skin. (AC +3)


Message History

You miss the adder. You kick the adder!
The adder is heavily wounded.
The adder bites you but does no damage. x2
You completely miss the adder. Your kick misses the adder.
The adder is heavily wounded.
The adder barely misses you.
You hit the adder but do no damage. You kick the adder.
You kill the adder!
Trog accepts your kill. The wyvern skeleton bites you!
You barely miss the wyvern skeleton. You kick the wyvern skeleton.
The wyvern skeleton is lightly damaged.
The wyvern skeleton bites you!
* * * LOW HITPOINT WARNING * * *
You barely miss the wyvern skeleton. Your kick misses the wyvern skeleton.
The wyvern skeleton is lightly damaged.
The wyvern skeleton bites you!
* * * LOW HITPOINT WARNING * * *
The wyvern skeleton bites you.
You die...

#### # ##..###..
##...... ##.....#
####....>#
.##########.....>.#
......Z@.........)#
..###########.....#
#......# #...#..#
#..##..# #.###..##
## #....# #..#.##
#..##..#


You could see a wyvern skeleton.

Vanquished Creatures
  A hungry ghost (D:7)
  A porcupine (D:8)
  An orc warrior (D:7)
  3 ogres
  3 centaurs
  2 bullfrogs
  4 killer bees (D:7)
  4 howler monkeys
  A crimson imp (D:7)
  2 quasits (D:6)
  A bullfrog skeleton (D:5)
  5 orc priests
  7 orc wizards
  An iguana (D:4)
  5 worker ants
  A howler monkey skeleton (D:6)
  3 adders
  10 gnolls
  An ooze (D:1)
  An adder zombie (D:7)
  A worm (D:2)
  7 leopard geckos
  26 orcs
  5 bats
  6 giant cockroaches
  6 goblins
  11 hobgoblins
  14 jackals
  2 kobolds
  A quokka (D:3)
  2 ball pythons
  4 frilled lizards
  A jackal skeleton (D:4)
  A leopard gecko skeleton (D:4)
  3 rats
147 creatures vanquished.

Vanquished Creatures (others)
  A fungus (D:8)
1 creature vanquished.

Grand Total: 148 creatures vanquished

Notes
Turn   | Place    | Note
-------+----------+-------------------------------------------
     0 | D:1      | Lavandula the Centaur Berserker began the quest for the Orb.
     0 | D:1      | Reached XP level 1. HP: 19/19 MP: 1/1
   110 | D:1      | Reached skill level 3 in Axes
   138 | D:1      | Reached XP level 2. HP: 11/26 MP: 2/2
   369 | D:1      | Reached XP level 3. HP: 9/31 MP: 3/3
   404 | D:2      | Reached ** piety under Trog
   518 | D:2      | Reached skill level 4 in Axes
   740 | D:2      | Reached XP level 4. HP: 34/38 MP: 4/4
   859 | D:5      | Entered Level 5 of the Dungeon
   894 | D:3      | Reached skill level 5 in Axes
   896 | D:3      | Reached XP level 5. HP: 43/45 MP: 5/5
  1034 | D:3      | Reached *** piety under Trog
  1224 | D:4      | Reached skill level 6 in Axes
  1230 | D:4      | Reached XP level 6. HP: 51/51 MP: 6/6
  1523 | D:3      | Found a faded altar of an unknown god.
  1560 | D:4      | Found a glowing golden altar of the Shining One.
  1561 | D:4      | Found a shadowy altar of Dithmenos.
  1562 | D:4      | Found a sparkling altar of Nemelex Xobeh.
  1563 | D:4      | Found a sacrificial altar of Ru.
  1568 | D:4      | Reached **** piety under Trog
  1778 | D:5      | Reached skill level 7 in Axes
  1832 | D:5      | Reached XP level 7. HP: 57/57 MP: 7/7
  2247 | D:6      | Reached skill level 1 in Evocations
  2307 | D:6      | Found a staircase to the Ecumenical Temple.
  2436 | D:7      | Reached XP level 8. HP: 63/63 MP: 10/10
  2438 | D:7      | Reached skill level 8 in Axes
  2523 | D:7      | Found a blossoming altar of Fedhas.
  2706 | D:6      | Found Neosm's Magic Scroll Emporium.
  2709 | D:6      | Bought a scroll of holy word for 97 gold pieces
  2709 | D:6      | Bought 2 scrolls of identify for 52 gold pieces
  2888 | D:7      | Reached skill level 9 in Axes
  3105 | D:8      | Reached skill level 10 in Axes
  3149 | D:7      | Reached XP level 9. HP: 29/69 MP: 11/11
  3176 | D:7      | Slain by a wyvern skeleton

Skill      XL: |  1  2  3  4  5  6  7  8 |
---------------+-------------------------+-----
Axes           | 3 4 5 6 7 10 | 10.5
Evocations     | 3 |  3.0
Dodging        | 2 |  2.4
Fighting       | |  3.0
Armour         | |  1.3

Action                   |  1- 3 |  4- 6 |  7- 9 || total
-------------------------+-------+-------+-------++-------
Melee: Hand axe          |   114 |   131 |   113 ||   358
       Kick              |    15 |    31 |    35 ||    81
       Broad axe         |       |       |    83 ||    83
Throw: Tomahawk          |       |     1 |       ||     1
Invok: Berserk           |     3 |     7 |     7 ||    17
       Trog's Hand       |     1 |       |     2 ||     3
       Brothers in Arms  |       |       |     1 ||     1
Evoke: Wand              |       |       |     2 ||     2
  Use: Scroll            |     4 |     1 |     5 ||    10
  Eat: Chunk             |     1 |     9 |    12 ||    22
       Ration            |       |       |     3 ||     3
Armor: Animal skin       |    28 |       |       ||    28
       Ring mail         |    18 |    38 |    76 ||   132
       Leather armour    |       |       |    58 ||    58
Dodge: Dodged            |    54 |    42 |   104 ||   200
